 Dungeon Crawl Stone Soup version 0.31-a0-441-g867994ef1c (webtiles) character file.

Game seed: 12599233956117214365

143 HallandMoats the Unbeliever (level 5, -1/42 HPs)
             Began as a Demonspawn Fighter on Aug 3, 2023.
             Slain by an orc
             ... wielding a +0 club
              (3 damage)
             ... on level 3 of the Dungeon.
             The game lasted 00:03:15 (2088 turns).

HallandMoats the Unbeliever (Demonspawn Fighter)    Turns: 2088, Time: 00:03:15

Health: -1/42      AC:  9    Str: 17    XL:     5   Next: 4%
Magic:  8/8        EV:  9    Int: 11    God:
Gold:   69         SH:  4    Dex: 12    Spells: 4/4 levels left

rFire   . . .        i - +2 short sword (venom)
rCold   . . .        c - +0 buckler
rNeg    . . .        b - +0 scale mail
rPois   .            o - +0 helmet
rElec   .            (no cloak)
rCorr   .            (no gloves)
SInv    .            (no boots)
Will    .....        (no amulet) Stlth
                     (no ring)
HPRegen 0.27/turn    (no ring)
MPRegen 0.11/turn

%: no passive effects
@: no status effects
A: icy blue scales 1, powered by death 1
a: no special abilities


You were on level 3 of the Dungeon.
You visited 1 branch of the dungeon, and saw 3 of its levels.

You collected 69 gold pieces.

Inventory:

Hand Weapons
 a - a +0 war axe
 i - a +2 short sword of venom (weapon)
Missiles
 p - a throwing net
Armour
 b - a +0 scale mail (worn)
 c - a +0 buckler (worn)
 o - a +0 helmet (worn)
Talismans
 g - a storm talisman
Scrolls
 h - a scroll of poison {unknown}
 j - a scroll of noise {unknown}
 n - a scroll of revelation {unknown}
Potions
 d - 3 potions of might
 e - 2 potions of mutation {unknown}
 f - 2 potions of attraction {unknown}
 k - a potion of heal wounds {unknown}
 l - a potion of curing {unknown}
 m - a potion of enlightenment {unknown}


   Skills:
 * Level 4.0 Fighting
 - Level 2.4 Axes
 - Level 2.6 Armour
 - Level 2.6 Shields
 * Level 4.3 Invocations
 + Level 0.3 Shapeshifting


You had 4 spell levels left.
You didn't know any spells.
Your spell library was empty.

Dungeon Overview and Level Annotations

Branches:
Dungeon (3/15)

Altars:

Shops:
D:2 (


Innate Abilities, Weirdness & Mutations

You are partially covered in icy blue scales. (AC +2)
You regenerate a little health from kills.


Message History

You kill the endoplasm!
You barely miss the orc. The orc barely misses you.
You hit the orc but do no damage. The orc barely misses you.
You barely miss the orc. You block the orc's attack.
You hit the orc but do no damage. The orc hits you but does no damage.
You hit the orc.
The orc is poisoned.
The orc is almost dead.
You kill the orc!
You see here a +0 club.
There is a stone staircase leading up here. 3 orcs, an orc wizard and an orc priest come into view.
An orc is wielding a +1 hand axe of freezing.
Found a smoky yellow potion.
The orc shouts! x2; The orc wizard shouts!
The orc priest shouts!
There are monsters nearby!
There are monsters nearby!
There are monsters nearby!
The orc priest calls down the wrath of Beogh upon you.
Beogh smites you!
The orc wizard mumbles some strange words.
The orc wizard flickers and vanishes!
Deactivating autopickup; reactivate with Ctrl-A.
You closely miss the orc priest.
The orc priest begins to cast a cantrip, but forgets the words!
You closely miss the orc priest.
The orc priest mumbles some strange prayers to Beogh against you.
Beogh smites you! The orc barely misses you.
You barely miss the orc priest.
The orc priest hits you but does no damage.
You block the orc's attack. The orc attacks as you move away!
The orc hits you but does no damage.
You closely miss the orc priest. The orc priest barely misses you.
The orc attacks as you move away! You block the orc's attack.
The orc priest invokes the aid of Beogh against you.
Beogh smites you!
* * * LOW HITPOINT WARNING * * *
The orc attacks as you move away! The orc hits you with a +0 club.
* * * LOW HITPOINT WARNING * * *
The orc attacks as you move away! The orc hits you with a +0 club.
You die...

############.### #
..............<######
#######.######.......
#.# ######## #.# #.#
# #.# #.##########.#
## #.o..o..o@...# #.
#.o########### #. #..
#. #.. #. #!. #. #..
#. #.. ## ...


You could see an orc priest and 3 orcs.

Vanquished Creatures
  Robin (D:3)
  3 adders
  3 gnolls
  3 worms (D:2)
  2 dart slugs
  2 orcs (D:3)
  2 ball pythons
  5 bats
  4 endoplasms
  A giant cockroach (D:2)
  14 goblins
  5 hobgoblins
  3 kobolds
  2 quokkas
  3 frilled lizards
  5 rats
58 creatures vanquished.

Notes
Turn   | Place    | Note
-------+----------+-------------------------------------------
     0 | D:1      | HallandMoats the Demonspawn Fighter began the quest for the
                  | Orb.
     0 | D:1      | Reached XP level 1. HP: 18/18 MP: 1/1
    80 | D:1      | Reached skill level 1 in Invocations
   174 | D:1      | Gained mutation: You are partially covered in icy blue
                  | scales. (AC +2) [demonic ancestry]
   174 | D:1      | Reached XP level 2. HP: 24/24 MP: 3/3
   328 | D:1      | You fall into a shaft and drop 1 floor!
   492 | D:2      | Found Tanaqy's Antique Weapon Shop.
   561 | D:2      | Reached XP level 3. HP: 23/29 MP: 4/4
  1677 | D:3      | Gained mutation: You regenerate a little health from kills.
                  | [demonic ancestry]
  1677 | D:3      | Reached XP level 4. HP: 35/35 MP: 6/6
  1746 | D:3      | Noticed Robin
  1750 | D:3      | Killed Robin
  1922 | D:3      | Reached XP level 5. HP: 42/42 MP: 8/8
  2086 | D:3      | HP: 2/42 [orc priest/divine providence (13)]
  2088 | D:3      | Slain by an orc

Illustrated notes

Levels and vault maps discovered:
D:1:      dpeg_arrival_arbitrary_a, layout_loops_ring,
          shapermc_ecumenical_altar_petra
D:2:      layout_basic, serial_shops, shop, st_stairs_7
D:3:      layout_loops_ring, nicolae_wu_jian_glorious_leap, uniq_robin

Skill      XL: |  1  2  3  4 |
---------------+-------------+-----
Invocations    | 1 2 3 4 |  4.3
Axes           | 2 |  2.4
Fighting       | 4 |  4.0
Armour         | |  2.6
Shields        | |  2.6
Shapeshifting  | |  0.3

Action                     |  1- 3 |  4- 6 || total
---------------------------+-------+-------++-------
  Melee: War axe           |    57 |       ||    57
         Short sword       |    60 |    62 ||   122
 Armour: Scale mail        |    64 |    19 ||    83
  Dodge: Dodged            |    41 |    18 ||    59
  Block: Buckler           |    24 |    13 ||    37
         Form:             |     1 |       ||     1
         Storm             |     1 |       ||     1

Table legend: (Time is in decaauts)
 A = Elapsed time spent in this place.
 B = Non-inter-level travel time spent in this place.
 C = Inter-level travel time spent in this place.
 D = Time resting spent in this place.
 E = Time spent auto-exploring this place.
 F = Levels seen in this place.
 G = Mean time per level.
                   A        B        C        D        E       F      G
               +--------+--------+--------+--------+--------+-----+--------+
         Total |   2117 |   2052 |     65 |    181 |   1373 |   3 |  705.7 |
       Dungeon |   2117 |   2052 |     65 |    181 |   1373 |   3 |  705.7 |
               +--------+--------+--------+--------+--------+-----+--------+

Top non-repeatable levels by time:
     D:2: 1347 daAuts
     D:3: 429 daAuts
     D:1: 341 daAuts
